 Dungeon Crawl Stone Soup version 0.30-a0-177-g1cb5dbfd7a (webtiles) character file.

Game seed: 3468049414022928948

19483 hawla the Destroyer (level 12, -3/94 HPs)
             Began as a Red Draconian Conjurer on Oct 2, 2022.
             Was an Elder of Vehumet.
             Slain by a meliai
             ... wielding a +0 war axe
              (9 damage)
             ... on level 13 of the Dungeon.
             The game lasted 00:48:13 (14954 turns).

hawla the Destroyer (Red Draconian Conjurer)       Turns: 14954, Time: 00:48:13

Health: -3/94      AC: 11    Str: 11      XL:     12   Next: 36%
Magic:  26/26      EV: 15    Int: 33 (34) God:    Vehumet [****..]
Gold:   816        SH:  0    Dex: 11      Spells: 10/31 levels left

rFire   + + +      SeeInvis .    x - staff of fire
rCold   x . .      Faith    .    A - orb {*channel}
rNeg    . . .      Spirit   .    (body armour unavailable)
rPois   .          Reflect  .    (helmet restricted)
rElec   +          Harm     .    E - +0 cloak {Stlth+}
rCorr   .          Rampage  .    q - +0 pair of gloves
Will    .....                    f - +0 pair of boots
Stlth   +++.......               F - amulet of regeneration
HPRegen 1.15/turn                l - +6 ring of intelligence
MPRegen 0.20/turn                a - ring of Cheibriados's Envy {Fire rElec Str+2 Int+5}

@: lethally poisoned (-3 -> -3), flying
A: breathe fire, AC +8, unfitting armour, fire resistance 1, cold-blooded, big
wings
a: Breathe Fire, Renounce Religion


You were on level 13 of the Dungeon.
You worshipped Vehumet.
Vehumet was greatly pleased with you.
You visited 1 branch of the dungeon, and saw 13 of its levels.

You collected 816 gold pieces.

Inventory:

Hand Weapons
 D - a +4 quarterstaff of chaos
Missiles
 t - 4 throwing nets
 H - a curare-tipped dart
Armour
 f - a +0 pair of boots (worn)
 q - a +0 pair of gloves (worn)
 A - an orb of energy (worn)
 E - a +0 cloak of stealth (worn)
Magical Staves
 x - a staff of fire (weapon)
Jewellery
 a - the ring of Cheibriados's Envy (right hand) {Fire rElec Str+2 Int+5}
   (You acquired it on level 5 of the Dungeon)

   [ring of fire]

   It enhances your fire magic.
   Str:       It affects your strength (+2).
   Int:       It affects your intelligence (+5).
   rF:        It protects you from fire.
   rC:        It makes you vulnerable to cold.
   rElec:     It insulates you from electricity.
 c - a +6 ring of strength
 k - a +6 ring of dexterity
 l - a +6 ring of intelligence (left hand)
 n - a ring of see invisible
 w - a ring of protection from cold
 B - a +6 ring of dexterity
 F - an amulet of regeneration (around neck)
 I - a ring of willpower
 K - a +6 ring of dexterity
 M - a ring of poison resistance
 O - a +4 ring of evasion
Wands
 d - a wand of iceblast (6) (quivered)
 p - a wand of charming (11)
 r - a wand of polymorph (10)
 u - a wand of flame (26)
 G - a wand of mindburst (1)
Scrolls
 s - 2 scrolls of amnesia
 v - a scroll of enchant weapon
 y - a scroll of teleportation
 C - a scroll of butterflies
 N - a scroll of magic mapping
Potions
 e - 3 potions of flight
 h - 5 potions of brilliance
 i - a potion of ambrosia
 j - 2 potions of curing
 z - 2 potions of might


   Skills:
 + Level 5.1 Fighting
 + Level 3.8 Staves
 + Level 8.8 Dodging
 - Level 2.2 Stealth
 + Level 10.2 Spellcasting
 + Level 11.0 Conjurations
 + Level 6.4 Necromancy
 + Level 5.4 Translocations
 + Level 1.2 Fire Magic
 + Level 2.3 Evocations


You had 10 spell levels left.
You knew the following spells:

 Your Spells              Type           Power      Damage    Failure   Level
a - Magic Dart            Conj           100%       1d8       1%          1
b - Searing Ray           Conj           100%       2d8       1%          2
c - Iskenderun's Mystic   Conj/Tloc      64%        2d13      1%          4
d - Vampiric Draining     Necr           56%        2d10      1%          3
e - Dispel Undead         Necr           56%        3d20      1%          4
f - Olgreb's Toxic Radia  Pois           16%        N/A       8%          4
g - Ignite Poison         Fire/Tmut/Pois 44%        N/A       1%          3

Your spell library contained the following spells:

 Spells                   Type           Power      Damage    Failure   Level
 Mephitic Cloud           Conj/Pois/Air  41%        N/A       1%          3
 Foxfire                  Conj/Fire      100%       2x1d9     1%          1
 Kiss of Death            Conj/Necr      100%       2d13      1%          1
 Blink                    Tloc           100%       N/A       1%          2
 Poisonous Vapours        Pois/Air       32%        N/A       1%          2
 Dazzling Flash           Conj/Hex       100%       N/A       1%          3
 Inner Flame              Hex/Fire       47%        N/A       1%          3
 Stone Arrow              Conj/Erth      100%       3d13      1%          3
 Animate Dead             Necr           56%        N/A       1%          4
 Flame Wave               Conj/Fire      92%        2d19      1%          4
 Fulminant Prism          Conj/Hex       26%        3d14      1%          4
 Sticky Flame             Conj/Fire      92%        2d10      1%          4
 Slow                     Hex            64%        N/A       2%          1
 Sting                    Tmut/Pois      64%        1d6       2%          1
 Lightning Bolt           Conj/Air       26%        1d42      2%          5
 Manifold Assault         Tloc           52%        N/A       3%          4
 Agony                    Necr           56%        N/A       5%          5
 Airstrike                Air            8%         2d(2-18)  8%          4
 Confusing Touch          Hex            16%        N/A       9%          3
 Iron Shot                Conj/Erth      26%        9d6       12%         6
 Borgnjor's Vile Clutch   Necr/Erth      19%        N/A       21%         5
 Summon Forest            Summ/Tloc      17%        N/A       26%         5
 Summon Lightning Spire   Summ/Air       16%        N/A       28%         4
 Death Channel            Necr           28%        N/A       30%         6
 Blade Hands              Tmut           8%         N/A       61%         5
 Silence                  Hex/Air        8%         N/A       61%         5
 Summon Mana Viper        Hex/Summ       16%        N/A       61%         5
 Lehudib's Crystal Spear  Conj/Erth      26%        10d7      98%         8
 Summon Cactus Giant      Summ           8%         N/A       99%         6
 Malign Gateway           Summ/Tloc      17%        N/A       100%        7
 Storm Form               Tmut/Air       8%         N/A       100%        7
 Summon Horrible Things   Summ           8%         N/A       100%        8
 Animate Armour           Summ/Erth      Unusable   N/A       N/A         4

Dungeon Overview and Level Annotations

Branches:
Dungeon (13/15)            Temple (0/1) D:5            Lair (0/5) D:10
    Orc (0/2) D:11
 Vaults: D:13-14

Altars:
Cheibriados
Hepliaklqana
Qazlal
Ru
Trog
Vehumet


Innate Abilities, Weirdness & Mutations

You can breathe blasts of fire.
Your fiery red scales are hard. (AC +8)
You cannot fit into any form of body armour.
Your flesh is heat resistant. (rF+)
You are cold-blooded and may be slowed by cold attacks.
Your large and strong wings let you fly.


Message History

You don't have enough magic to cast this spell.
Found a potion of ambrosia.
You feel sick.
Cornered, the queen bee turns to fight!
The killer bee barely misses you.
You see here 11 gold pieces.
An ettin comes into view. It is wielding two +0 dire flails.
Found 2 scrolls of identify.
You feel sick.
The killer bee buzzes angrily.
The killer bee closely misses you.
Found a book of Chaos.
You feel sick.
The meliai seems to regain its courage.
The killer bee closely misses you.
You feel sick.
The killer bee stings you but does no damage.
The killer bee barely misses you.
The killer bee attacks as you move away!
The killer bee stings you.
* * * LOW HITPOINT WARNING * * *
You feel sick. The killer bee stings you.
* * * LOW HITPOINT WARNING * * *
You are more poisoned.
The killer bee poisons you!
The killer bee attacks as you move away!
The killer bee closely misses you.
You feel sick. The killer bee barely misses you.
You feel sick.
The killer bee seems to regain its courage.
The meliai hits you but does no damage.
The meliai stings you but does no damage.
The killer bee closely misses you.
Casting: Iskenderun's Mystic Blast (safe; 1% risk of failure)
Confirm with . or Enter, or press ? or * to list all spells.
You don't have enough magic to cast this spell.
Unknown command.
Casting: Iskenderun's Mystic Blast (safe; 1% risk of failure)
Confirm with . or Enter, or press ? or * to list all spells.
You don't have enough magic to cast this spell.
Magic courses through your body.
You feel sick. The meliai barely misses you. The meliai misses you.
The killer bee stings you!
* * * LOW HITPOINT WARNING * * *
The meliai hits you but does no damage. The meliai stings you!
You die...

#....# #y...###
y.#..# ..
##..#†..# #..#
#?# ##.†#y.#.##
c.#
#..#!.#:#....#.
(#.#
#:#.yC#y#C#.....#
c†.y#
#..y#y#yy...#..#
###y..
#y#.yy.###.C...#
. ##
#..###y...#..y#
##
...#yy@yy#....#..
# ###########
####


You could see a cyclops, a meliai and 5 killer bees.

Vanquished Creatures
  A hydra (D:12)
  Erica (D:9)
  2 two-headed ogres
  A skeletal warrior (D:13)
  A cyclops (D:12)
  A manticore (D:13)
  3 ugly things (D:12)
  Joseph (D:9)
  3 gargoyles
  2 kobold demonologists
  3 unseen horrors (D:12)
  An efreet (D:13)
  2 komodo dragons
  2 wyverns
  4 shadows
  2 vampires (D:12)
  4 wraiths
  Grum (D:9)
  22 yaks
  2 steam dragons
  2 vampire mosquitoes
  2 acid dragons
  2 water moccasins
  Duvessa (D:5)
  3 sky beasts
  2 ice beasts
  A black bear (D:8)
  2 wolves (D:9)
  An ogre (D:5)
  7 orc warriors
  3 centaurs
  3 phantoms
  2 kobold brigands
  A gnoll sergeant (D:9)
  5 scorpions
  3 bullfrogs
  2 necrophages (D:7)
  Dowan (D:5)
  4 killer bees (D:13)
  5 howler monkeys
  4 orc priests
  5 hounds
  A jelly (D:8)
  Crazy Yiuf (D:7)
  An iguana (D:6)
  3 orc wizards (D:11)
  16 gnolls
  13 adders
  A shadow imp (D:7)
  2 white imps
  2 ufetubi (D:4)
  2 worms (D:2)
  6 dart slugs
  24 orcs
  6 ball pythons
  11 endoplasms
  6 giant cockroaches
  7 goblins
  5 hobgoblins
  11 kobolds
  8 quokkas
  9 bats
  5 frilled lizards
  5 rats
265 creatures vanquished.

Vanquished Creatures (collateral kills)
  A skeletal warrior (D:13)
  An orc knight (D:13)
  A cyclops (D:13)
  2 killer bees (D:13)
5 creatures vanquished.

Vanquished Creatures (others)
  8 plants
8 creatures vanquished.

Grand Total: 278 creatures vanquished

Notes
Turn   | Place    | Note
-------+----------+-------------------------------------------
     0 | D:1      | hawla the Draconian Conjurer began the quest for the Orb.
     0 | D:1      | Reached XP level 1. HP: 14/14 MP: 3/3
   297 | D:1      | Reached XP level 2. HP: 20/20 MP: 1/5
   359 | D:1      | Learned a level 2 spell: Searing Ray
   611 | D:1      | Found a faded altar of an unknown god.
  1225 | D:2      | Reached XP level 3. HP: 26/26 MP: 1/6
  1837 | D:2      | Reached XP level 4. HP: 33/33 MP: 3/7
  2077 | D:2      | Learned a level 4 spell: Iskenderun's Mystic Blast
  2501 | D:3      | Reached skill level 5 in Conjurations
  3046 | D:4      | Gained mutation: Your natural rate of healing is unusually
                  | fast. [potion of mutation]
  3046 | D:4      | Gained mutation: Your large and strong wings let you fly.
                  | [potion of mutation]
  3046 | D:4      | Lost mutation: Your natural rate of healing is unusually
                  | fast. [potion of mutation]
  3046 | D:4      | Gained mutation: Your flesh is heat resistant. (rF+)
                  | [potion of mutation]
  3096 | D:4      | Noticed a phantom
  3159 | D:4      | Killed a phantom
  3160 | D:4      | Reached skill level 1 in Translocations
  3160 | D:4      | Reached XP level 5. HP: 23/38 MP: 0/8
  3357 | D:4      | Found a sacrificial altar of Ru.
  3455 | D:4      | Reached skill level 6 in Conjurations
  3618 | D:4      | Reached XP level 6. HP: 16/45 MP: 0/9
  3903 | D:4      | Found a bloodstained altar of Trog.
  4035 | D:4      | Found a snail-covered altar of Cheibriados.
  4035 | D:4      | Found a radiant altar of Vehumet.
  4038 | D:4      | Found a hazy altar of Hepliaklqana.
  4045 | D:4      | Became a worshipper of Vehumet
  4075 | D:5      | Entered Level 5 of the Dungeon
  4078 | D:5      | Identified a scroll of acquirement
  4078 | D:5      | Acquired the ring of Cheibriados's Envy {Fire rElec Str+2
                  | Int+5}
  4080 | D:5      | Noticed Duvessa
  4396 | D:5      | Noticed an ice beast
  4401 | D:5      | Killed an ice beast
  4450 | D:5      | Found a staircase to the Ecumenical Temple.
  4455 | D:5      | Reached skill level 7 in Conjurations
  4455 | D:5      | Your scales start taking on a fiery red colour.
  4455 | D:5      | Reached XP level 7. HP: 50/51 MP: 6/11
  4455 | D:5      | Mutation became permanent: Your flesh is heat resistant.
                  | (rF+) [Red Draconian growth]
  4455 | D:5      | Gained mutation: Your flesh is heat resistant. (rF+) [Red
                  | Draconian growth]
  4661 | D:5      | Noticed Dowan
  4677 | D:5      | Reached skill level 1 in Fighting
  4681 | D:5      | Learned a level 3 spell: Vampiric Draining
  4693 | D:5      | Killed Duvessa
  5045 | D:5      | Killed Dowan
  5216 | D:5      | Reached XP level 8. HP: 57/59 MP: 3/13
  5404 | D:5      | Reached * piety under Vehumet
  5404 | D:5      | Offered knowledge of Shock by Vehumet.
  6042 | D:6      | Reached skill level 8 in Conjurations
  6539 | D:6      | Found a stormy altar of Qazlal.
  6834 | D:7      | Reached skill level 5 in Dodging
  7112 | D:7      | Reached ** piety under Vehumet
  7112 | D:7      | Offered knowledge of Foxfire by Vehumet.
  7113 | D:7      | Reached XP level 9. HP: 64/68 MP: 0/15
  7362 | D:7      | Learned a level 4 spell: Dispel Undead
  7606 | D:7      | Found a runed translucent door.
  7607 | D:7      | Noticed Crazy Yiuf
  8114 | D:7      | Reached skill level 5 in Spellcasting
  8735 | D:7      | Killed Crazy Yiuf
  8876 | D:8      | Noticed a two-headed ogre
  8886 | D:8      | Killed a two-headed ogre
  8887 | D:8      | Reached skill level 1 in Staves
  8887 | D:8      | Reached skill level 9 in Conjurations
  9283 | D:8      | Reached skill level 1 in Evocations
  9283 | D:8      | Reached XP level 10. HP: 70/78 MP: 6/18
  9621 | D:9      | Noticed a two-headed ogre
  9627 | D:9      | Killed a two-headed ogre
  9628 | D:9      | Reached skill level 1 in Fire Magic
  9963 | D:9      | Noticed Erica
 10205 | D:9      | Killed Erica
 10399 | D:9      | Noticed Grum
 10430 | D:9      | Killed Grum
 10766 | D:9      | Noticed Joseph
 10802 | D:9      | Killed Joseph
 10803 | D:9      | Reached skill level 10 in Conjurations
 11116 | D:10     | Entered Level 10 of the Dungeon
 11128 | D:10     | Offered knowledge of Hailstorm by Vehumet.
 11135 | D:10     | Reached XP level 11. HP: 74/85 MP: 1/22
 11566 | D:10     | Found a staircase to the Lair.
 11638 | D:10     | Reached *** piety under Vehumet
 11813 | D:10     | Reached skill level 5 in Necromancy
 12673 | D:11     | Offered knowledge of Ignite Poison by Vehumet.
 13018 | D:11     | Learned a level 4 spell: Olgreb's Toxic Radiance
 13022 | D:11     | Learned a level 3 spell: Ignite Poison
 13060 | D:11     | Found a staircase to the Orcish Mines.
 13310 | D:12     | Noticed a red ugly thing
 13316 | D:12     | Killed a red ugly thing
 13872 | D:12     | Noticed a brown ugly thing
 13886 | D:12     | Killed a brown ugly thing
 14047 | D:12     | Reached **** piety under Vehumet
 14049 | D:12     | Offered knowledge of Mephitic Cloud by Vehumet.
 14242 | D:12     | Noticed a seven-headed hydra
 14249 | D:12     | Killed a seven-headed hydra
 14250 | D:12     | Reached skill level 5 in Fighting
 14250 | D:12     | Reached skill level 5 in Translocations
 14394 | D:12     | Noticed a green ugly thing
 14399 | D:12     | Killed a green ugly thing
 14400 | D:12     | Reached XP level 12. HP: 94/94 MP: 12/25
 14837 | D:13     | Noticed a tengu warrior
 14857 | D:13     | Reached skill level 11 in Conjurations
 14880 | D:13     | Reached skill level 10 in Spellcasting
 14904 | D:13     | Noticed a six-headed hydra
 14906 | D:13     | Noticed a centaur warrior
 14936 | D:13     | Noticed a centaur warrior
 14948 | D:13     | Noticed an ettin
 14954 | D:13     | Slain by a meliai

Illustrated notes

Levels and vault maps discovered:
D:1:      dpeg_arrival_chambers_temple_mockup, layout_basic,
          basic_ecumenical_altar
D:2:      layout_basic
D:3:      layout_loops_ring
D:4:      layout_basic, grunt_temple_overflow_open, lemuel_round_altar
D:5:      layout_loops_corners, minmay_temple_entry_arrows, uniq_duvessa
D:6:      layout_basic, general_overflow_altar
D:7:      layout_basic, minmay_shattered_shrine, uniq_crazy_yiuf_cottage
D:8:      layout_basic
D:9:      layout_loops_ring, uniq_joseph, uniq_erica, uniq_grum
D:10:     layout_roguey, lair_entry_dummy
D:11:     layout_long_grid, david_orc_4, serial_park_tiny_1,
          minmay_variable_closet
D:12:     layout_roguey, hangedman_batty
D:13:     regret_index_bee_streams, layout_basic, grunt_vaults_entry_tiered,
          serial_shops, nicolae_shop_crystal, minmay_circle_x

Skill      XL: |  1  2  3  4  5  6  7  8  9 10 11 12 |
---------------+-------------------------------------+-----
Dodging        | 2 3 5 7 8 |  8.8
Stealth        | 2 |  2.2
Conjurations   | 5 6 7 8 9 10 11 | 11.0
Translocations | 1 2 3 5 |  5.4
Fighting       | 1 2 3 4 5 |  5.1
Spellcasting   | 3 4 5 7 9 10 | 10.2
Necromancy     | 2 4 6 |  6.4
Staves         | 1 2 3 |  3.8
Evocations     | 1 2 |  2.3
Fire Magic     | 1 |  1.2

Action                   |  1- 3 |  4- 6 |  7- 9 | 10-12 || total
-------------------------+-------+-------+-------+-------++-------
Melee: Unarmed           |    94 |    57 |     7 |       ||   158
       Tailslap          |    13 |     7 |    18 |    22 ||    60
       Punch             |     2 |       |     2 |       ||     4
       Staff             |       |       |   115 |   112 ||   227
 Cast: Magic Dart        |    45 |    31 |    21 |    13 ||   110
       Searing Ray       |    11 |    26 |    51 |    42 ||   130
       Iskenderun's Myst |       |     2 |    17 |    89 ||   108
       Dispel Undead     |       |       |     2 |    11 ||    13
       Vampiric Draining |       |       |     2 |     7 ||     9
       Olgreb's Toxic Ra |       |       |       |     6 ||     6
       Ignite Poison     |       |       |       |     3 ||     3
 Abil: Breathe Fire      |       |       |       |     1 ||     1
Evoke: Wand              |       |     1 |     3 |     4 ||     8
  Use: Scroll            |     4 |     7 |     8 |    14 ||    33
       Potion            |       |     2 |     4 |    14 ||    20
 Stab: Sleeping          |     1 |       |       |       ||     1
Armor: Skin              |    27 |    60 |   140 |    98 ||   325
Dodge: Dodged            |    75 |    70 |   156 |   169 ||   470

Table legend: (Time is in decaauts)
 A = Elapsed time spent in this place.
 B = Non-inter-level travel time spent in this place.
 C = Inter-level travel time spent in this place.
 D = Time resting spent in this place.
 E = Time spent auto-exploring this place.
 F = Levels seen in this place.
 G = Mean time per level.
                   A        B        C        D        E       F      G
               +--------+--------+--------+--------+--------+-----+--------+
         Total |  15039 |  14575 |    464 |    841 |  11444 |  13 | 1156.8 |
       Dungeon |  15039 |  14575 |    464 |    841 |  11444 |  13 | 1156.8 |
               +--------+--------+--------+--------+--------+-----+--------+

Top non-repeatable levels by time:
     D:7: 2049 daAuts
     D:5: 1653 daAuts
    D:12: 1458 daAuts
     D:9: 1360 daAuts
     D:1: 1177 daAuts
    D:11: 1130 daAuts
     D:4: 1114 daAuts
     D:6: 1013 daAuts
     D:8: 997 daAuts
     D:2: 985 daAuts
    D:10: 978 daAuts
     D:3: 874 daAuts
    D:13: 245 daAuts
